 Dungeon Crawl Stone Soup version 0.17.0-28-g6e173f8 (webtiles) character file.

116 gorblad the Shield-Bearer (level 5, -2/41 HPs)
             Began as a Formicid Fighter on Dec 3, 2015.
             Killed by divine providence
             ... invoked by an orc priest
              (15 damage)
             ... on level 3 of the Dungeon.
             The game lasted 00:04:56 (1848 turns).

gorblad the Shield-Bearer (Formicid Fighter)        Turns: 1848, Time: 00:04:56

Health: -2/41      AC:  8    Str: 22    XL:     5   Next: 21%
Magic:  5/5        EV:  9    Int:  7    God:
Gold:   194        SH: 10    Dex: 10    Spells: 0 memorised, 4 levels left

rFire  . . .     SeeInvis +     a - +0 long sword
rCold  . . .     Clarity  .     b - +0 scale mail
rNeg   . . .     SustAt   .     c - +0 shield
rPois  .         Gourm    .     (helmet unavailable)
rElec  .         Spirit   .     (no cloak)
rCorr  .         Warding  .     h - +0 pair of gloves
rMut   .         Stasis   +     (no boots)
MR     .....                    (no amulet)
Stlth  ..........               (no ring)
                                g - ring of invisibility

@: not resistant to hostile enchantments, extremely unstealthy
A: permanent stasis, dig shafts and tunnels, four strong arms, antennae 3
a: Dig, Shaft Self, Evoke Invisibility


You were on level 3 of the Dungeon.
You were not hungry.

You visited 1 branch of the dungeon, and saw 3 of its levels.

You collected 194 gold pieces.

Inventory:

Hand Weapons
 a - a +0 long sword (weapon)
Armour
 b - a +0 scale mail (worn)
 c - a +0 shield (worn)
 h - a +0 pair of gloves (worn)
Jewellery
 g - a ring of invisibility (left hand)
Scrolls
 k - a scroll of identify
 o - a scroll of recharging {unknown}
 p - a scroll of teleportation {unknown}
 q - a scroll of enchant armour {unknown}
Potions
 d - 4 potions of might
 f - a potion of flight {unknown}
 j - 2 potions of curing
 l - a potion of magic {unknown}
 m - 2 potions of agility {unknown}
Comestibles
 e - 3 bread rations
 i - 3 chunks of flesh
 n - a meat ration


   Skills:
 - Level 3.2 Fighting
 - Level 2.0 Long Blades
 - Level 3.2 Armour
 - Level 1.0 Dodging
 - Level 1.0 Stealth
 + Level 6.2 Shields


You had 4 spell levels left.
You didn't know any spells.

Dungeon Overview and Level Annotations

Branches:
Dungeon (3/15)

Altars:


Innate Abilities, Weirdness & Mutations

You are under a permanent stasis effect.
You can dig through walls and to a lower floor.
Your four strong arms can wield two-handed weapons with a shield.
You have a pair of large antennae on your head (SInv).


Message History

A rat comes into view.
You are too injured to fight recklessly!
You are too injured to fight recklessly!
You are too injured to fight recklessly!
You are too injured to fight recklessly!
You are too injured to fight recklessly!
You are too injured to fight recklessly!
You barely miss the orc priest.
The orc priest hits you but does no damage. x2
Your scale mail prevents you from hitting the orc priest.
The orc priest invokes the aid of Beogh against you.
You struggle to resist.
You hit the orc priest.
The orc priest is lightly wounded.
The orc priest hits you but does no damage.
You completely miss the orc priest.
The orc priest is lightly wounded.
The orc priest calls down the wrath of Beogh upon you.
Something smites you!
You die...

..#.#...... ###)#.#
#'#############
#.#.###.......#.....#
#.#.#.......#.#.....#
#.)...........#.....#
###.........).#.....
###......[........
##### ######+#.##.##.
....# #..@o# ....#
####.r..... ....#
....... ....# .......
....# ....... ....#
...##'# ##### ...# #
...#


You could see an orc priest and a rat.

Vanquished Creatures
  Ijyb (D:3)
  An orc wizard (D:3)
  2 adders
  A worm (D:2)
  6 orcs (D:3)
  A ball python (D:1)
  9 bats
  A giant cockroach (D:1)
  5 hobgoblins
  A quokka (D:2)
  A giant gecko (D:3)
  2 giant newts
  3 goblins (D:2)
  3 kobolds
  4 rats
41 creatures vanquished.

Notes
Turn   | Place    | Note
--------------------------------------------------------------
     0 | D:1      | gorblad the Formicid Fighter began the quest for the Orb.
     0 | D:1      | Reached XP level 1. HP: 18/18 MP: 1/1
   196 | D:1      | Reached skill level 4 in Shields
   278 | D:1      | Reached XP level 2. HP: 22/24 MP: 2/2
   978 | D:2      | Reached XP level 3. HP: 29/29 MP: 3/3
  1132 | D:2      | Reached skill level 5 in Shields
  1287 | D:2      | Found a faded altar to an unknown god.
  1663 | D:3      | Noticed Ijyb
  1669 | D:3      | Reached skill level 1 in Dodging
  1669 | D:3      | Reached XP level 4. HP: 22/35 MP: 4/4
  1674 | D:3      | Reached skill level 1 in Stealth
  1716 | D:3      | Killed Ijyb
  1716 | D:3      | Reached skill level 6 in Shields
  1716 | D:3      | Reached XP level 5. HP: 14/41 MP: 5/5
  1848 | D:3      | Killed from afar by an orc priest

Action                   |  1- 3 |  4- 6 || total
-------------------------+-------+-------++-------
Melee: Long sword        |   104 |    61 ||   165
  Use: Scroll            |     2 |       ||     2
  Eat: Chunk             |     2 |     1 ||     3
